 Dungeon Crawl Stone Soup version 0.29-a0-1047-g7c58e119a4 (webtiles) character file.

Game seed: 10681502479445114951

36248 Zeldest the Timeless (level 14, -4/125 HPs)
             Began as a Meteoran Venom Mage on Aug 16, 2022.
             Was a High Priest of Cheibriados.
             Hit by a silver javelin thrown by a merfolk javelineer (19 damage)
             ... on level 2 of the Shoals.
             The game lasted 01:12:45 (6520 turns).

Zeldest the Timeless (Meteoran Venom Mage)          Turns: 6520, Time: 01:12:46

Health: -4/125     AC: 12    Str: 24    XL:     14   Next: 58%
Magic:  11/25      EV: 17    Int: 37    God:    Cheibriados [*****.]
Gold:   381        SH:  0    Dex: 28    Spells: 9/27 levels left

rFire   + . .      SeeInvis .   a - +3 war axe (elec)
rCold   + . .      Faith    .   (no shield)
rNeg    . . .      Spirit   .   w - +1 ring mail of the Game Afoot {Fly rC+ Regen+}
rPois   .          Reflect  .   (helmet restricted)
rElec   .          Harm     .   g - +2 cloak
rCorr   .          Rampage  .   D - +2 pair of gloves
Will    +....                   (no boots)
Stlth   +.........              i - amulet of the acrobat
HPRegen 1.10/turn               c - +4 ring of evasion
MPRegen 0.19/turn               u - ring of wizardry

@: flying, glowing, very slow
A: sense surroundings 2, otherworldly, glowing, explore regen, antennae 1, fire
resistance 1, noise suppression
a: Renounce Religion, Bend Time, Temporal Distortion, Slouch, Step From Time


You were on level 2 of the Shoals.
You worshipped Cheibriados.
Cheibriados was extremely pleased with you.
You visited 4 branches of the dungeon, and saw 17 of its levels.
You also visited: Ossuary.

You collected 713 gold pieces.
You spent 332 gold pieces at shops.

Inventory:

Hand Weapons
 a - a +3 war axe of electrocution (weapon)
 b - a +2 dagger of venom
 r - a +5 morningstar
Armour
 g - a +2 cloak (worn)
 m - +0 swamp dragon scales
 w - the +1 ring mail of the Game Afoot (worn) {Fly rC+ Regen+}
   (You found it on level 11 of the Dungeon)

   rC:        It protects you from cold.
   Fly:       It grants you flight.
   Regen:     It increases your rate of health regeneration.
 D - a +2 pair of gloves (worn)
Magical Staves
 h - a staff of cold
Jewellery
 c - a +4 ring of evasion (left hand)
 i - an amulet of the acrobat (around neck)
 u - a ring of wizardry (right hand)
 v - the ring of Fun {Fire rN++ Str-3}
   (You took it off a boggart on level 10 of the Dungeon)

   [ring of fire]

   It enhances your fire magic.
   Str:       It affects your strength (-3).
   rF:        It protects you from fire.
   rC:        It makes you vulnerable to cold.
   rN:        It greatly protects you from negative energy.
 G - an amulet of regeneration
Wands
 x - a wand of flame (22)
Scrolls
 d - a scroll of enchant armour
 f - a scroll of vulnerability
 k - 5 scrolls of magic mapping
 l - a scroll of brand weapon
 n - 2 scrolls of fog
 o - a scroll of poison
 q - 4 scrolls of identify
 y - a scroll of torment
 B - a scroll of amnesia
 C - 2 scrolls of immolation
 F - a scroll of noise {unknown}
Potions
 e - 2 potions of mutation
 p - 3 potions of curing
 s - a potion of berserk rage
 t - a potion of lignification {unknown}
 z - 3 potions of attraction
 A - 2 potions of flight
 H - 2 potions of might {unknown}
Miscellaneous
 j - a phantom mirror (inert)
 E - a condenser vane (inert)


   Skills:
 + Level 11.8 Fighting
 + Level 10.1 Axes
 - Level 2.4 Dodging
 - Level 1.4 Stealth
 - Level 7.0 Spellcasting
 + Level 6.7 Conjurations
 - Level 6.0 Hexes
 - Level 10.0 Transmutations
 + Level 3.0 Air Magic
 - Level 12.0 Poison Magic
 + Level 12.8 Invocations
 - Level 5.4 Evocations


You had 9 spell levels left.
You knew the following spells:

 Your Spells              Type           Power      Damage    Failure   Level
a - Sting                 Tmut/Pois      100%       1d8       1%          1
b - Poisonous Vapours     Pois/Air       100%       N/A       1%          2
c - Mephitic Cloud        Conj/Pois/Air  61%        N/A       1%          3
d - Olgreb's Toxic Radia  Pois           80%        N/A       1%          4
e - Confusing Touch       Hex            55%        N/A       1%          3
f - Irradiate             Conj/Tmut      33%        3d22      1%          5

Your spell library contained the following spells:

 Spells                   Type           Power      Damage    Failure   Level
 Beastly Appendage        Tmut           100%       N/A       1%          1
 Sandblast                Erth           24%        2d8       1%          1
 Passwall                 Tmut/Erth      40%        N/A       1%          2
 Wereblood                Tmut           72%        N/A       1%          2
 Portal Projectile        Hex/Tloc       70%        N/A       1%          3
 Spider Form              Tmut/Pois      76%        N/A       1%          3
 Stone Arrow              Conj/Erth      74%        3d11      1%          3
 Tukima's Dance           Hex            55%        N/A       1%          3
 Blade Hands              Tmut           36%        N/A       1%          5
 Yara's Violent Unravell  Hex/Tmut       32%        3d13      1%          5
 Scorch                   Fire           24%        2d6       2%          2
 Iskenderun's Battlesphe  Conj           58%        2d11      3%          5
 Flame Wave               Conj/Fire      37%        2d10      4%          4
 Fireball                 Conj/Fire      18%        3d9       13%         5
 Dragon Form              Tmut           36%        N/A       26%         7
 Conjure Ball Lightning   Conj/Air       24%        3x3d7     34%         6
 Orb of Destruction       Conj           29%        9d9       65%         7
 Enfeeble                 Hex            27%        N/A       75%         7
 Dispersal                Tloc           6%         N/A       93%         6
 Summon Cactus Giant      Summ           6%         N/A       93%         6
 Disjunction              Tloc           6%         N/A       100%        8


Dungeon Overview and Level Annotations

Branches:
Dungeon (11/15) Zot: 2046  Temple (1/1) D:4 Zot: 868    Lair (3/5) D:11 Zot: 1356
 Shoals (2/4) Lair:3 Zot: 1329 Ossuary (visited)
  Snake: Lair:2-3    Spider: Lair:2-3       Orc: D:9-12

Altars:
Ashenzari
Cheibriados
Elyvilon
Fedhas
Gozag
Hepliaklqana
Kikubaaqudgha
Makhleb
Nemelex Xobeh
Okawaru
Qazlal
Ru
Sif Muna
Trog
Uskayaw
Vehumet
Wu Jian
Xom
Yredelemnul
Zin
The Shining One

Shops:
D:4 [   D:9 (   D:10 *

Annotations:
Shoals:2 2 transporters, Polyphemus


Innate Abilities, Weirdness & Mutations

You passively map the area around you.
You are easily found by Zot.
You glow in the dark.
You regain HP and MP as you explore.
You have a pair of small antennae on your head.
Your flesh is heat resistant. (rF+)
You passively dampen the noise of your surroundings.


Message History

A manticore comes into view.
Casting: Olgreb's Toxic Radiance (safe; 1% risk of failure)
Confirm with . or Enter, or press ? or * to list all spells.
You begin to radiate toxic energy.
The faun shouts!
The faun is poisoned.
The manticore is poisoned.
The faun looks even sicker.
The merfolk javelineer throws a silver javelin.
The silver javelin pierces through you. The silver sears you!
The silver javelin pierces through the plant!
The manticore looks even sicker.
The merfolk javelineer looks as sick as possible!
Your toxic aura wanes.
The merfolk javelineer throws a silver javelin.
The silver javelin pierces through you. The silver sears you!
The silver javelin pierces through the plant!
Casting: Olgreb's Toxic Radiance (safe; 1% risk of failure)
Confirm with . or Enter, or press ? or * to list all spells.
You begin to radiate toxic energy.
The merfolk javelineer looks as sick as possible!
The faun looks even sicker.
A nearby plant withers and dies.
The merfolk javelineer throws a silver javelin.
The silver javelin pierces through you! The silver sears you!
* * * LOW HITPOINT WARNING * * *
The faun unwields a +0 spear.
The faun wields a +0 sling.
The faun shoots a sling bullet.
The sling bullet closely misses you.
The faun looks as sick as possible!
The manticore looks even sicker.
Your toxic aura wanes.
The merfolk javelineer throws a silver javelin.
The silver javelin completely misses you.
The merfolk javelineer throws a silver javelin.
The silver javelin pierces through you!!
* * * LOW HITPOINT WARNING * * *
The silver sears you!
* * * LOW HITPOINT WARNING * * *
Okay, then.
As you read the scroll of fog, it crumbles to dust.
The scroll dissolves into smoke.
The merfolk javelineer throws a silver javelin.
The silver javelin pierces through you!!
You die...

,,
....................P.##..
,,..m..........P...~~~~.....
~ .........~P~P~~~~~~~PP..P.
, .....#..~P~Pc~~~~~P~~P..~~
~~,,
........~~≈≈P~~.......P~P.
,#....~≈≈≈H≈P......PPP.. ~
..#...~P≈≈≈≈≈~~...P~~≈~~P
......P~§P§≈≈≈PP.~P~~~≈~≈≈ ~
,,.......~§@§≈≈≈≈~~P~P~P~P~≈
,,.......~§~§≈≈≈≈≈~~~P~~P~≈~
....~~~~~≈≈≈≈≈≈≈~P~~~~~~≈≈ ~
~~~~~~≈≈≈≈≈≈≈≈≈≈≈≈PP~~~~~~ ~
~
~~~~~≈≈≈≈≈≈≈≈≈≈≈≈≈≈P~~.P~~~
~≈≈≈≈≈≈≈≈≈≈≈≈≈≈≈≈≈≈≈~~...≈≈
≈≈≈≈≈≈≈≈≈≈≈≈≈≈≈≈≈≈P.P~~~≈ ~
≈≈≈≈≈≈≈≈≈≈≈≈≈≈≈≈≈~~~~~~≈ ~ ~
~ ~~ ~~ ~ ≈≈≈≈≈≈~~~~~≈


You could see a merfolk javelineer (extremely poisoned), a faun (extremely
poisoned) and a manticore (very poisoned).

Vanquished Creatures
  Nikola (Shoals:2)
  Harold (D:11)
  2 boulder beetles (D:10)
  A catoblepas (Shoals:2)
  A merfolk avatar (Shoals:2)
  A centaur warrior (D:10)
  3 death yaks (Shoals:2)
  Nergalle (Lair:2)
  2 sea snakes (Shoals:1)
  6 harpies (Shoals:1)
  3 ugly things
  A faun (Shoals:1)
  3 manticores
  3 cyclopes
  2 merfolk sirens (Lair:3)
  Maurice (D:10)
  Maggie (D:8)
  3 cane toads
  7 rime drakes (Lair:3)
  An unseen horror (D:11)
  An efreet (D:9)
  6 komodo dragons
  A polar bear (Lair:2)
  3 merfolk
  3 trolls (D:10)
  A wind drake (Shoals:2)
  2 hornets
  Grinder (D:6)
  A slime creature (D:10)
  4 dream sheep (Shoals:1)
  3 snapping turtles
  A culicivora (shapeshifter) (D:10)
  A wraith (D:10)
  3 shadows
  A water elemental (Shoals:1)
  25 yaks
  3 wyverns
  A basilisk (D:10)
  6 steam dragons (Lair:3)
  3 wargs (D:11)
  3 water moccasins
  An acid dragon (D:10)
  A water moccasin (shapeshifter) (D:10)
  3 orc warriors
  2 ice beasts
  An ogre (D:5)
  A black bear (D:6)
  A boggart (D:10)
  6 wolves (Lair:3)
  6 centaurs
  A phantom (D:5)
  3 kobold brigands
  6 bullfrogs
  A necrophage (D:7)
  2 gnoll sergeants
  A scorpion (D:5)
  9 wights
  6 killer bees
  6 howler monkeys
  An electric eel (D:10)
  A lava snake (D:8)
  4 jellies
  5 gnoll boudas
  11 orc priests
  A hound (D:5)
  4 iguanas
  13 orc wizards
  26 gnolls
  4 adders
  A white imp (D:7)
  An adder zombie (Ossuary)
  3 worms
  A dart slug (D:1)
  30 orcs
  5 ball pythons
  6 bats
  8 endoplasms
  2 giant cockroaches
  3 goblins
  7 hobgoblins
  2 jackals (D:5)
  2 quokkas
  17 kobolds
  A quokka zombie (Ossuary)
  6 rats
  A rat zombie (Ossuary)
340 creatures vanquished.

Vanquished Creatures (others)
  A rime drake (Lair:3)
  10 fungi
  32 plants
43 creatures vanquished.

Grand Total: 383 creatures vanquished

Notes
Turn   | Place    | Note
-------+----------+-------------------------------------------
     0 | D:1      | Zeldest the Meteoran Venom Mage began the quest for the
                  | Orb.
     0 | D:1      | Reached XP level 1. HP: 14/14 MP: 5/5
   120 | D:1      | Reached XP level 2. HP: 22/22 MP: 1/6
   186 | D:2      | Learned a level 2 spell: Poisonous Vapours
   323 | D:1      | Reached skill level 1 in Fighting
   323 | D:1      | Reached XP level 3. HP: 28/28 MP: 5/8
   334 | D:1      | Learned a level 3 spell: Mephitic Cloud
   482 | D:2      | Found a faded altar of an unknown god.
   572 | D:2      | Reached skill level 1 in Air Magic
   633 | D:2      | Reached XP level 4. HP: 30/35 MP: 5/9
   787 | D:4      | Noticed a centaur
   794 | D:4      | Killed a centaur
   795 | D:4      | Reached skill level 5 in Poison Magic
   795 | D:4      | Reached XP level 5. HP: 20/41 MP: 2/11
   986 | D:3      | Reached XP level 6. HP: 45/48 MP: 12/12
   993 | D:3      | Learned a level 4 spell: Olgreb's Toxic Radiance
  1096 | D:4      | Found a staircase to the Ecumenical Temple.
  1114 | D:4      | Reached XP level 7. HP: 38/56 MP: 10/14
  1118 | Temple   | Entered the Ecumenical Temple
  1123 | Temple   | Learned a level 3 spell: Confusing Touch
  1130 | Temple   | Became a worshipper of Elyvilon the Healer
  1156 | D:4      | Found a sand-covered staircase.
  1166 | Ossuary  | Entered an ossuary
  1170 | Ossuary  | Gained mutation: You passively dampen the noise of your
                  | surroundings. [potion of mutation]
  1170 | Ossuary  | Gained mutation: Your flesh is heat resistant. (rF+)
                  | [potion of mutation]
  1170 | Ossuary  | Gained mutation: You have a pair of small antennae on your
                  | head. [potion of mutation]
  1337 | D:4      | Found Legyarcha's Antique Armour Boutique.
  1458 | D:4      | Reached skill level 1 in Hexes
  1578 | D:5      | Entered Level 5 of the Dungeon
  1580 | D:5      | Reached * piety under Elyvilon
  1632 | D:5      | Reached XP level 8. HP: 25/63 MP: 4/16
  1770 | D:5      | Reached skill level 5 in Spellcasting
  1889 | D:5      | Reached ** piety under Elyvilon
  1969 | D:6      | Noticed Grinder
  1988 | D:6      | Killed Grinder
  2107 | D:6      | Found a snail-covered altar of Cheibriados.
  2108 | D:6      | Found an iron altar of Okawaru.
  2108 | D:6      | Found an ornate altar of the Wu Jian Council.
  2117 | D:6      | Fell from the grace of Elyvilon
  2117 | D:6      | Became a worshipper of Cheibriados the Contemplative
  2145 | D:6      | Gained mutation: You passively map the area around you.
                  | [Meteoran growth]
  2145 | D:6      | Reached XP level 9. HP: 72/72 MP: 11/18
  2361 | D:7      | Found a hide-covered altar of Uskayaw.
  2376 | D:7      | Reached skill level 1 in Invocations
  2498 | D:7      | Reached skill level 5 in Fighting
  2688 | D:8      | Reached * piety under Cheibriados
  2689 | D:8      | Reached skill level 5 in Transmutations
  2795 | D:8      | Noticed Maggie
  3173 | D:8      | Reached XP level 10. HP: 31/83 MP: 21/21
  3199 | D:8      | Killed Maggie
  3200 | D:8      | Reached skill level 5 in Hexes
  3240 | D:8      | Reached ** piety under Cheibriados
  3261 | D:8      | Reached skill level 5 in Invocations
  3354 | D:9      | Noticed an efreet
  3537 | D:9      | Reached *** piety under Cheibriados
  3545 | D:9      | Noticed a purple ugly thing
  3562 | D:9      | Killed a purple ugly thing
  3589 | D:9      | Killed an efreet
  3590 | D:9      | Reached XP level 11. HP: 55/92 MP: 7/22
  3613 | D:9      | Found Quaqiqet's Antique Weapon Shoppe.
  3806 | D:4      | Bought an ichor-stained buckler for 332 gold pieces
  3806 | D:4      | Identified the +1 buckler of the Skies Above {Harm Dex+5
                  | SInv Stlth-} (You bought it in a shop on level 4 of the
                  | Dungeon)
  4049 | D:9      | Reached skill level 1 in Axes
  4183 | D:9      | Reached **** piety under Cheibriados
  4216 | D:10     | Entered Level 10 of the Dungeon
  4224 | D:10     | Reached skill level 10 in Poison Magic
  4510 | D:10     | Found Buoz's Assorted Antiques.
  4733 | D:11     | Reached skill level 1 in Evocations
  4761 | D:11     | Reached XP level 12. HP: 54/103 MP: 23/23
  4811 | D:10     | Reached ***** piety under Cheibriados
  4813 | D:10     | Reached skill level 5 in Axes
  4846 | D:10     | Noticed a centaur warrior
  4857 | D:10     | Killed a centaur warrior
  4901 | D:10     | Noticed a five-headed hydra
  4905 | D:10     | Identified the ring of Fun {Fire rN++ Str-3}
  4907 | D:10     | Noticed a boulder beetle
  4921 | D:10     | Killed a boulder beetle
  5104 | D:10     | Noticed a boulder beetle
  5147 | D:10     | Noticed Maurice
  5164 | D:10     | Killed Maurice
  5165 | D:10     | Reached skill level 10 in Invocations
  5226 | D:10     | Killed a boulder beetle
  5400 | D:11     | Identified the +1 ring mail of the Game Afoot {Fly rC+
                  | Regen+}
  5421 | D:11     | Noticed Harold
  5441 | D:11     | Killed Harold
  5442 | D:11     | Reached skill level 5 in Evocations
  5464 | D:11     | Found a staircase to the Lair.
  5472 | Lair:1   | Entered Level 1 of the Lair of Beasts
  5486 | Lair:1   | Reached skill level 10 in Fighting
  5486 | Lair:1   | Reached XP level 13. HP: 113/113 MP: 9/24
  5519 | Lair:1   | Learned a level 5 spell: Irradiate
  5695 | Lair:2   | Reached skill level 1 in Conjurations
  5827 | Lair:3   | Found a staircase to the Shoals.
  5887 | Lair:2   | Noticed Nergalle
  5893 | Lair:2   | Killed Nergalle
  5986 | Lair:3   | Reached ****** piety under Cheibriados
  6159 | Lair:3   | Noticed a catoblepas
  6227 | Shoals:1 | Entered Level 1 of the Shoals
  6242 | Shoals:1 | Reached skill level 5 in Conjurations
  6242 | Shoals:1 | Reached XP level 14. HP: 105/124 MP: 3/25
  6331 | Shoals:2 | Noticed Nikola
  6331 | Shoals:2 | Noticed Polyphemus
  6343 | Shoals:2 | Found a transporter.
  6344 | Shoals:2 | Found a transporter.
  6346 | Shoals:2 | Reached skill level 10 in Transmutations
  6432 | Shoals:2 | Killed Nikola
  6433 | Shoals:2 | Reached skill level 10 in Axes
  6510 | Shoals:2 | Noticed a merfolk javelineer
  6520 | Shoals:2 | Hit by a silver javelin thrown by a merfolk javelineer

Illustrated notes

Levels and vault maps discovered:
D:1:      dpeg_cavernosity, layout_loops_corners, minmay_misc_feat_encased,
          grunt_decor_fettered
D:2:      kennysheep_six_static_rooms, layout_loops_ring,
          hellmonk_ecumenical_altar_slurped_away, uniq_natasha
D:3:      layout_rooms
D:4:      layout_loops_ring, minmay_temple_entry_mist, serial_shops,
          kennysheep_mini_moat, nicolae_ossuary_entry_monument,
          minmay_small_thing
D:5:      layout_layer_cave, grunt_decor_arrowhead
D:6:      layout_loops_ring, chequers_temple_overflow_statue_of_worship,
          minmay_three_doors, uniq_pikel, uniq_grinder
D:7:      layout_basic, overflow_temple_1_default,
          mainiacjoe_overflow_tiny_flanked, nicolae_elevator_lobby_plus
D:8:      layout_basic, kennysheep_potato, uniq_maggie
D:9:      layout_basic, kennysheep_orc_monster_closet_entryway, serial_shops,
          kennysheep_mini, minmay_chambers_of_fives
D:10:     nzn_winding_woodlands_large [nzn_winding_woodlands_5x5_closed_star,
          nzn_winding_woodlands_5x15_sidewinder,
          nzn_winding_woodlands_5x5_perimeter,
          nzn_winding_woodlands_center_garden,
          nzn_winding_woodlands_15x15_thick_spiral,
          nzn_winding_woodlands_center_triple_pond,
          nzn_winding_woodlands_5x5_cross,
          nzn_winding_woodlands_5x15_river_crossing,
          nzn_winding_woodlands_5x5_checkerboard], layout_irregular_city,
          serial_shops, shop, uniq_maurice
D:11:     layout_roguey [special_room_orc], erik_lair_orcish_takeover,
          nicolae_kite_square_tiling_tiny, uniq_harold
Temple:   sentei_temple_godly_chess
Lair:1:   layout_long_grid
Lair:2:   layout_cave_pods, guppyfry_snake_entry_garden, st_stairs_3,
          beast_lair_carwin_10, uniq_nergalle
Lair:3:   layout_loops_ring, elwin_shoals_entry_stream, gammafunk_ghost_split,
          minivault_11, bobbens_dragon_lair_wall
Shoals:1: layout_shoals, uniq_kirke
Shoals:2: layout_shoals, serial_nicolae_subway, nicolae_sub_station_crystal,
          nicolae_sub_station_metal, nicolae_sub_station_stone, uniq_polyphemus,
          uniq_nikola

Skill      XL: |  1  2  3  4  5  6  7  8  9 10 11 12 13 14 |
---------------+-------------------------------------------+-----
Poison Magic   | 4 5 6 7 8 9 10 11 12 | 12.0
Spellcasting   | 3 4 5 7 |  7.0
Fighting       | 1 2 3 4 5 7 8 10 11 | 11.8
Air Magic      | 1 2 3 |  3.0
Hexes          | 2 3 4 6 |  6.0
Transmutations | 2 4 5 7 9 10 | 10.0
Invocations    | 3 6 8 10 12 | 12.8
Axes           | 4 7 9 10 | 10.1
Evocations     | 1 5 |  5.4
Conjurations   | 5 6 |  6.7
Dodging        | |  2.4
Stealth        | |  1.4

Action                   |  1- 3 |  4- 6 |  7- 9 | 10-12 | 13-15 || total
-------------------------+-------+-------+-------+-------+-------++-------
Melee: Unarmed           |     5 |       |       |       |       ||     5
       Dagger            |    23 |    27 |   119 |   255 |     1 ||   425
       Punch             |       |       |     1 |     5 |     1 ||     7
       Morningstar       |       |       |       |     6 |       ||     6
       War axe           |       |       |       |    24 |    82 ||   106
 Cast: Sting             |    45 |    11 |    44 |    72 |    17 ||   189
       Poisonous Vapours |     2 |     8 |    11 |     9 |    15 ||    45
       Mephitic Cloud    |       |     1 |     7 |    35 |     4 ||    47
       Olgreb's Toxic Ra |       |     5 |    29 |    57 |    42 ||   133
       Confusing Touch   |       |       |     5 |    28 |       ||    33
       Irradiate         |       |       |       |       |    14 ||    14
Invok: Slouch            |       |       |       |       |     2 ||     2
       Step From Time    |       |       |       |       |     1 ||     1
       Bend Time         |       |       |       |       |     1 ||     1
Evoke: Wand              |       |       |       |     4 |       ||     4
       Condenser vane    |       |       |       |     1 |     1 ||     2
       Phantom mirror    |       |       |       |       |     1 ||     1
  Use: Potion            |       |       |     6 |     4 |     2 ||    12
       Scroll            |       |       |    20 |     5 |     4 ||    29
 Stab: Confused          |       |     1 |     3 |    46 |     1 ||    51
Armor: Robe              |     6 |     6 |    23 |       |       ||    35
       Swamp dragon scal |       |       |       |    72 |       ||    72
       Ring mail         |       |       |       |       |    35 ||    35
Dodge: Dodged            |    31 |    22 |   125 |   233 |   147 ||   558

Table legend: (Time is in decaauts)
 A = Elapsed time spent in this place.
 B = Non-inter-level travel time spent in this place.
 C = Inter-level travel time spent in this place.
 D = Time resting spent in this place.
 E = Time spent auto-exploring this place.
 F = Levels seen in this place.
 G = Mean time per level.
                   A        B        C        D        E       F      G
               +--------+--------+--------+--------+--------+-----+--------+
         Total |   8762 |   8002 |    760 |      0 |      0 |  18 |  486.8 |
       Dungeon |   6850 |   6134 |    716 |      0 |      0 |  11 |  622.7 |
        Temple |     20 |     20 |      0 |      0 |      0 |   1 |   20.0 |
          Lair |   1338 |   1295 |     43 |      0 |      0 |   3 |  446.0 |
        Shoals |    468 |    468 |      0 |      0 |      0 |   2 |  234.0 |
       Ossuary |     84 |     84 |      0 |      0 |      0 |   1 |   84.0 |
               +--------+--------+--------+--------+--------+-----+--------+

Top non-repeatable levels by time:
    D:10: 1501 daAuts
     D:8: 1290 daAuts
     D:7: 705 daAuts
  Lair:3: 601 daAuts
     D:9: 560 daAuts
     D:4: 514 daAuts
    D:11: 474 daAuts
     D:5: 432 daAuts
     D:2: 373 daAuts
  Lair:1: 368 daAuts
  Lair:2: 368 daAuts
     D:3: 348 daAuts
     D:6: 334 daAuts
Shoals:2: 317 daAuts
     D:1: 314 daAuts
